 Dungeon Crawl Stone Soup version 0.26-a0-362-g1d9a9cd4fa (webtiles) character file.

Game seed: 15348767212615176177

21 Gargoyl the Skirmisher (level 2, 0/25 HPs)
             Began as a Palentonga Abyssal Knight on July 18, 2020.
             Was a Follower of Lugonu.
             Slain by Sigmund
             ... wielding a +0 scythe
              (7 damage)
             ... on level 2 of the Dungeon.
             The game lasted 00:02:08 (1692 turns).

Gargoyl the Skirmisher (Palentonga Abyssal Knight)  Turns: 1692, Time: 00:02:09

Health: 0/25       AC:  4    Str: 15    XL:     2   Next: 62%
Magic:  3/3        EV:  8    Int: 12    God:    Lugonu [*.....]
Gold:   57         SH:  0    Dex:  9    Spells: 1/1 levels left

rFire    + . .     SeeInvis +   a - +2 hand axe
rCold    + . .     Faith    .   c - +0 buckler
rNeg     . . .     Spirit   .   b - +0 leather armour
rPois    +         Reflect  .   (no helmet)
rElec    +         Harm     .   (no cloak)
rCorr    +                      (no gloves)
MR       .....                  (boots restricted)
Stlth    ..........             (no amulet)
HPRegen  0.08/turn              (no ring)
MPRegen  0.08/turn              (no ring)

@: confused, resistant, stab, hasted, very quick
A: large, rugged brown scales 3, see invisible, deformed body, roll, armoured
tail
a: Rolling Charge, Depart the Abyss, Renounce Religion


You were on level 2 of the Dungeon.
You worshipped Lugonu.
Lugonu was aware of your devotion.
You visited 1 branch of the dungeon, and saw 2 of its levels.
You visited the Abyss 1 time.

You collected 57 gold pieces.

Inventory:

Hand Weapons
 a - a +2 hand axe (weapon)
Armour
 b - a +0 leather armour (worn)
 c - a +0 buckler (worn)
Jewellery
 g - an uncursed ring of stealth {unknown}
Scrolls
 f - a scroll of enchant armour {unknown}
 h - 3 scrolls of remove curse
 j - 2 scrolls of identify {unknown}


   Skills:
 + Level 3.3 Fighting
 + Level 2.2 Axes
 * Level 1.8 Armour
 * Level 1.0 Dodging
 * Level 0.3 Shields
 * Level 2.1 Invocations


You had one spell level left.
You didn't know any spells.
Your spell library was empty.

Dungeon Overview and Level Annotations

Branches:
Dungeon (2/15)

Altars:

Annotations:
D:2 Sigmund


Innate Abilities, Weirdness & Mutations

You are completely covered in rugged brown scales. (AC +3, +7% HP)
You have supernaturally acute eyesight. (SInv)
Armour fits poorly on your strangely shaped body.
You can roll at foes to attack.
You have a long armoured tail.


Message History

You barely miss Sigmund.
Sigmund is severely wounded.
You feel less confused.
You completely miss Sigmund. You tail-slap Sigmund.
Sigmund is almost dead.
Sigmund points at you and mumbles some strange words.
You are confused.
You closely miss Sigmund.
Sigmund is almost dead.
Sigmund points at you and mumbles some strange words.
You are more confused.
You're too confused to move!
Sigmund hits you with a +0 scythe!
* * * LOW HITPOINT WARNING * * *
Unknown command.
It was a potion of stabbing.
You feel ready to backstab.
It was a potion of resistance.
You feel protected. Sigmund hits you with a +0 scythe!
You die...

# ##### ########
######...####### #......#
...............#######......#
..####......................#
..####....####.######....[..#
..#.....(...<#....###.......#
..................'....>....#
.##...###.........###.#.#####
....#####.#####†@.###.#.#
....'...#.##....@...#.#.####
....#...#.##.#####.##......#
....#...#.#....# #.##......#
##..#.###.#.@..# #.##......#
#.....###.#....# #.##......#
###.#..........###.##......#
#...†......................#
####.......#'#....#.....####


You could see Sigmund (invisible).

Vanquished Creatures
  A worm (D:2)
  A dart slug (D:1)
  4 giant cockroaches (D:2)
  A goblin (D:1)
  A hobgoblin (D:1)
  4 bats
  A kobold (D:1)
  3 rats (D:1)
  A lurking horror (Abyss:1)
17 creatures vanquished.

Notes
Turn   | Place    | Note
-------+----------+-------------------------------------------
     0 | Abyss:1  | Gargoyl the Palentonga Abyssal Knight began the quest for
                  | the Orb.
     0 | Abyss:1  | Reached XP level 1. HP: 19/19 MP: 2/2
    65 | Abyss:1  | Noticed a large abomination
    70 | Abyss:1  | Noticed a tormentor
    84 | D:1      | Escaped the Abyss
   884 | D:1      | Reached skill level 1 in Dodging
   928 | D:1      | Reached XP level 2. HP: 25/25 MP: 3/3
  1243 | D:2      | Reached * piety under Lugonu
  1377 | D:2      | Noticed Sigmund
  1692 | D:2      | Slain by Sigmund

Illustrated notes

Levels and vault maps discovered:
D:1:      dpeg_arrival_chambers_temple_mockup, layout_basic
D:2:      layout_basic, minmay_worlds_worst_comb, uniq_sigmund

Skill      XL: |  1 |
---------------+----+-----
Dodging        | 1 |  1.0
Fighting       | |  3.3
Axes           | |  2.2
Armour         | |  1.8
Shields        | |  0.3
Invocations    | |  2.1

Action                   || total
-------------------------++-------
Melee: Hand axe          ||    50
       Tailslap          ||     3
Invok: Depart the Abyss  ||     1
 Abil: Rolling Charge    ||    12
  Use: Potion            ||     5
       Scroll            ||     4
Armor: Leather armour    ||    52
Dodge: Dodged            ||    38
Block: Buckler           ||     8

Table legend:
 A = Non-vault XP
 B = Vault XP
 C = Vault XP percentage of total XP
 D = Non-vault monster count
 E = Vault monster count
 F = Vault count percentage of total count
                 A         B        C        D         E       F
            +---------+---------+-------+---------+---------+-------
      Total |      22 |       8 |  26.7 |      12 |       4 |  25.0
            +---------+---------+-------+---------+---------+-------
        D:1 |      16 |       0 |   0.0 |      10 |       0 |   0.0
        D:2 |       6 |       8 |  57.1 |       2 |       4 |  66.7
            +---------+---------+-------+---------+---------+-------
